 Dungeon Crawl Stone Soup version 0.31-a0-705-ga145531891 (webtiles) character file.

Game seed: 9578658030130796812

15568 holysushi the Nimble (level 12, -5/86 HPs)
             Began as a Demonspawn Monk on Sept 9, 2023.
             Was a High Priest of Okawaru.
             Slain by a polar bear (6 damage)
             ... on level 4 of the Lair of Beasts.
             The game lasted 00:27:02 (18968 turns).

holysushi the Nimble (Demonspawn Monk)             Turns: 18968, Time: 00:27:03

Health: -5/86      AC:  6    Str: 13    XL:     12   Next: 2%
Magic:  0/18       EV: 19    Int: 12    God:    Okawaru [*****.]
Gold:   1205       SH:  0    Dex: 19    Spells: 11/11 levels left

rFire   . . .        b - +2 dagger (venom)
rCold   . . .        o - orb {*Rage}
rNeg    . . .        N - +1 robe {Will+}
rPois   .            M - +0 helmet
rElec   .            (no cloak)
rCorr   .            f - +0 pair of gloves
SInv    .            z - +0 pair of boots
Will    +....        w - amulet of guardian spirit
Stlth   +++          (no ring)
HPRegen 0.34/turn    (no ring)
MPRegen 0.16/turn

%: random rage (20%), guardian spirit
@: lethally poisoned (-5 -> -7), on berserk cooldown, slowed, very slow
A: hooves 2, (demonic guardian 2), powered by pain 1
a: Renounce Religion, Heroism, Finesse, Duel


You were on level 4 of the Lair of Beasts.
You worshipped Okawaru.
Okawaru was extremely pleased with you.
You visited 3 branches of the dungeon, and saw 16 of its levels.

You collected 1768 gold pieces.
You spent 563 gold pieces at shops.

Inventory:

Hand Weapons
 a - a +4 dagger
 b - a +2 dagger of venom (weapon)
 e - a +1 rapier of protection
 A - a +0 short sword
 J - a +0 rapier of flaming
Missiles
 v - 6 darts of dispersal
 X - a silver javelin
Armour
 f - a +0 pair of gloves (worn)
 g - the +18 shield of the Gong {Loud rN+ Will+ rCorr EV-5}
   (You acquired it on level 10 of the Dungeon)

   Loud:      It is deafeningly noisy when blocking attacks.
   EV-5:      It affects your evasion (-5).
   rN+:       It protects you from negative energy.
   Will+:     It increases your willpower.
   rCorr:     It protects you from acid and corrosion.
 o - an orb of wrath (worn)
 z - a +0 pair of boots (worn)
 F - a +0 robe
 M - a +0 helmet (worn)
 N - a +1 robe of willpower (worn)
 W - +0 acid dragon scales
Jewellery
 t - a ring of fire
 w - an amulet of guardian spirit (around neck)
 K - a ring of fire
 Q - an amulet of magic regeneration
Talismans
 i - a beast talisman
Wands
 u - a wand of flame (7)
 y - a wand of mindburst (3)
 C - a wand of charming (21)
Scrolls
 d - 2 scrolls of teleportation
 j - 4 scrolls of poison
 k - 2 scrolls of identify
 m - a scroll of vulnerability
 n - 4 scrolls of enchant armour
 s - 2 scrolls of enchant weapon
 E - a scroll of revelation
 H - 2 scrolls of blinking
 L - 2 scrolls of noise
 U - 2 scrolls of amnesia {unknown}
Potions
 c - a potion of ambrosia
 h - 2 potions of brilliance
 l - 3 potions of lignification
 p - a potion of haste
 q - 2 potions of mutation
 r - a potion of invisibility
 x - 3 potions of might
 B - 4 potions of curing
 G - 2 potions of attraction
 O - a potion of heal wounds
 P - 2 potions of degeneration
 R - 2 potions of berserk rage
 S - 2 potions of enlightenment {unknown}
 T - a potion of resistance {unknown}


   Skills:
 - Level 5.0 Fighting
 - Level 10.0 Short Blades
 - Level 10.9 Dodging
 - Level 3.0 Stealth
 + Level 8.1 Shields
 - Level 9.0 Invocations


You had 11 spell levels left.
You didn't know any spells.
Your spell library contained the following spells:

 Spells                   Type           Power      Damage    Failure   Level
 Sting                    Tmut/Pois      0%         1d3       32%         1
 Poisonous Vapours        Pois/Air       0%         N/A       45%         2
 Olgreb's Toxic Radiance  Pois           0%         N/A       97%         4
 Discord                  Hex            0%         N/A       100%        8
 Ignition                 Fire           0%         3d3       100%        8


Dungeon Overview and Level Annotations

Branches:
Dungeon (11/15) Zot: 25886  Temple (1/1) D:6 Zot: 5902    Lair (3/5) D:10 Zot: 20858
  Swamp: Lair:2-3    Shoals: Lair:2-3     Snake: Lair:2-3    Spider: Lair:2-3
    Orc: D:9-12

Altars:
Ashenzari
Cheibriados
Dithmenos
Fedhas
Gozag
Hepliaklqana
Kikubaaqudgha
Makhleb
Nemelex Xobeh
Okawaru
Qazlal
Ru
Sif Muna
Trog
Uskayaw
Vehumet
Wu Jian
Xom
Yredelemnul

Shops:
D:1 (   D:4 *   D:7 !   D:10 *

Portals:
Trove: D:11 (give 13 scrolls of teleportation)

Annotations:
D:8 1 runed translucent door
D:10 exclusion: oklob plant


Innate Abilities, Weirdness & Mutations

You have hoof-like feet.
((A demonic guardian rushes to your aid.))
You sometimes gain a little power by taking damage.


Message History

The komodo dragon is severely wounded.
The komodo dragon bites you!!
* * * LOW HITPOINT WARNING * * *
You focus on the pain.
You feel your power returning.
You puncture the komodo dragon!
The komodo dragon looks as sick as possible!
The komodo dragon is almost dead.
You feel sick.
You hit the komodo dragon.
You kill the komodo dragon!
Okawaru accepts your kill.
You swing at nothing.
You feel sick.
You feel a strong urge to attack something.
The polar bear bites you!
* * * LOW HITPOINT WARNING * * *
The polar bear completely misses you.
The polar bear claws you but does no damage.
You see here a komodo dragon corpse.
You hit the polar bear but do no damage.
The polar bear is poisoned.
* * * LOW HITPOINT WARNING * * *
You feel sick.
You hit the polar bear.
The polar bear looks as sick as possible!
The polar bear is lightly wounded.
The polar bear misses you. The polar bear claws you. The polar bear misses you.
You hit the polar bear.
The polar bear looks as sick as possible!
The polar bear is lightly wounded.
You hit the polar bear but do no damage.
The polar bear is lightly wounded.
* * * LOW HITPOINT WARNING * * *
You feel sick.
You puncture the polar bear!
The polar bear looks as sick as possible!
The polar bear is heavily wounded.
You are no longer berserk.
You are exhausted.
You feel yourself slow down. The polar bear bites you!
You die...

.###.#..#P..P..P#..#####
............>...........
...(....#.####P.#.......
##.#P..## ###........ #
##.## P##...>....
##.P##...P##.......
#.........#........
##.#P#...###....... .
##@### ..# #....... #.##
#.h.# ## #.......
.....###..## . #.......
..........#P... ........
............P...
........
................
........
................ .[.....
................ .......
.............##. .....##


You could see a polar bear (extremely poisoned).

Vanquished Creatures
  A two-headed ogre (D:9)
  A manticore (D:11)
  2 black mambas
  An unseen horror (D:9)
  3 cane toads
  A kobold demonologist (D:10)
  2 komodo dragons
  A troll (D:10)
  A meliai (D:11)
  3 hornets
  A shadow (D:10)
  2 wyverns
  3 wraiths
  26 yaks
  2 steam dragons (D:8)
  3 vampire mosquitoes
  2 acid dragons
  6 water moccasins
  A black bear (Lair:1)
  An orc warrior (D:8)
  An ogre (D:4)
  2 ice beasts
  19 wolves
  3 centaurs
  A phantom (D:6)
  8 bullfrogs
  2 kobold brigands
  A gnoll sergeant (D:8)
  A scorpion (D:4)
  4 wights
  11 killer bees
  6 howler monkeys
  3 jellies
  3 gnoll boudas
  A hound (D:5)
  An orc priest (D:9)
  2 sleepcaps
  3 iguanas (D:5)
  7 hell rats (Lair:1)
  6 orc wizards
  9 gnolls
  10 adders
  A shadow imp (D:5)
  A white imp (D:6)
  2 ufetubi
  A worm (D:2)
  2 dart slugs (D:4)
  33 orcs
  5 bats
  8 endoplasms
  6 giant cockroaches
  8 goblins
  13 hobgoblins
  12 kobolds
  2 quokkas (D:2)
  8 ball pythons
  3 frilled lizards
  5 rats
277 creatures vanquished.

Vanquished Creatures (collateral kills)
  An orc priest (D:5)
  An adder (D:2)
  A dart slug (D:2)
3 creatures vanquished.

Vanquished Creatures (others)
  An orc (D:8)
1 creature vanquished.

Grand Total: 281 creatures vanquished

Notes
Turn   | Place    | Note
-------+----------+-------------------------------------------
     0 | D:1      | holysushi the Demonspawn Monk began the quest for the Orb.
     0 | D:1      | Reached XP level 1. HP: 18/18 MP: 1/1
    69 | D:1      | You fall into a shaft and drop 1 floor!
   300 | D:1      | Found Uritepol's Antique Weapon Shoppe.
   351 | D:1      | Gained mutation: A weak demonic guardian rushes to your
                  | aid. [demonic ancestry]
   351 | D:1      | Reached XP level 2. HP: 19/24 MP: 2/2
  1303 | D:2      | Reached XP level 3. HP: 15/29 MP: 3/3
  1759 | D:2      | Gained mutation: You have large cloven feet. [demonic
                  | ancestry]
  1759 | D:2      | Reached XP level 4. HP: 33/35 MP: 4/4
  2555 | D:3      | Reached skill level 5 in Short Blades
  3709 | D:4      | Noticed an ogre
  3718 | D:4      | Killed an ogre
  3719 | D:4      | Reached XP level 5. HP: 41/41 MP: 5/5
  3809 | D:4      | Reached XP level 6. HP: 47/47 MP: 6/6
  4192 | D:4      | Found Gozag's Platinum Reserve.
  4272 | D:4      | Found an opulent altar of Gozag.
  5043 | D:5      | Entered Level 5 of the Dungeon
  6045 | D:4      | Gained mutation: You sometimes gain a little power by
                  | taking damage. [demonic ancestry]
  6045 | D:4      | Reached XP level 7. HP: 52/52 MP: 7/7
  6792 | D:5      | Found a basalt altar of Yredelemnul.
  7605 | D:6      | Found a staircase to the Ecumenical Temple.
  7721 | Temple   | Entered the Ecumenical Temple
  7800 | Temple   | Became a worshipper of Warmaster Okawaru
  7800 | Temple   | Reached * piety under Okawaru
  7800 | Temple   | Reached ** piety under Okawaru
  7840 | D:6      | Reached XP level 8. HP: 37/58 MP: 8/8
  8254 | D:7      | Found Vestiy's Distillery.
  8427 | D:7      | Reached skill level 5 in Dodging
  8643 | D:7      | Bought a potion of curing for 45 gold pieces
  8643 | D:7      | Bought a potion of haste for 150 gold pieces
  8643 | D:7      | Bought 2 potions of heal wounds for 150 gold pieces
  8643 | D:7      | Bought a potion of degeneration for 15 gold pieces
  8945 | D:7      | Identified the +6 great sword "Spiderbane" {venom, rCorr
                  | Int+3}
  8967 | D:7      | Found a blossoming altar of Fedhas.
  9643 | D:8      | Reached *** piety under Okawaru
  9647 | D:8      | Reached XP level 9. HP: 63/63 MP: 7/11
  9773 | D:8      | Found a runed translucent door.
  9774 | D:8      | Found a burning altar of Makhleb.
  9774 | D:8      | Noticed a sixfirhy
  9818 | D:8      | Reached skill level 5 in Invocations
  9826 | D:8      | Reached skill level 10 in Short Blades
  9896 | D:8      | Reached **** piety under Okawaru
 11706 | D:8      | Reached XP level 10. HP: 69/69 MP: 12/16
 11909 | D:9      | Received a gift from Okawaru
 11987 | D:9      | Noticed a two-headed ogre
 11998 | D:9      | Killed a two-headed ogre
 12115 | D:9      | Reached ***** piety under Okawaru
 12564 | D:9      | Upgraded the game from 0.31-a0-703-gcfe89afef6 to
                  | 0.31-a0-705-ga145531891
 12975 | D:9      | Found a shimmering altar of Xom.
 13155 | D:9      | Identified the orb "Jekyu" {light, SInv} (Okawaru gifted it
                  | to you on level 9 of the Dungeon)
 13155 | D:9      | Received a gift from Okawaru
 13156 | D:9      | Reached skill level 10 in Dodging
 13218 | D:9      | Found a hide-covered altar of Uskayaw.
 13322 | D:10     | Entered Level 10 of the Dungeon
 13499 | D:10     | Found a staircase to the Lair.
 13499 | D:10     | Noticed an oklob plant
 14073 | D:10     | Found Raydymm's General Store.
 14167 | D:10     | Bought a scroll of noise for 14 gold pieces
 14167 | D:10     | Bought a scroll of identify for 28 gold pieces
 14167 | D:10     | Bought a scroll of enchant armour for 105 gold pieces
 14167 | D:10     | Bought a scroll of poison for 56 gold pieces
 14412 | D:10     | Identified 2 scrolls of acquirement
 14412 | D:10     | Acquired the +18 shield of the Gong {Loud rN+ Will+ rCorr
                  | EV-5}
 14412 | D:10     | Found the +18 shield of the Gong {Loud rN+ Will+ rCorr
                  | EV-5}
 14816 | D:10     | Reached skill level 1 in Shields
 14816 | D:10     | Gained mutation: You have hoof-like feet. [demonic
                  | ancestry]
 14816 | D:10     | Reached XP level 11. HP: 36/75 MP: 9/17
 14980 | D:10     | Acquired 977 gold pieces
 15432 | D:11     | Found a portal to a secret trove of treasure.
 15713 | D:11     | Noticed a skeletal warrior
 15714 | D:11     | Noticed a skeletal warrior
 15759 | Lair:1   | Entered Level 1 of the Lair of Beasts
 15764 | Lair:1   | Found a basalt altar of Yredelemnul.
 16195 | Lair:1   | Reached skill level 5 in Fighting
 16310 | Lair:1   | Reached skill level 1 in Stealth
 16840 | Lair:1   | Reached skill level 5 in Shields
 16946 | Lair:1   | Received a gift from Okawaru
 18760 | Lair:3   | You fall into a shaft and drop 1 floor!
 18954 | Lair:4   | Gained mutation: A demonic guardian rushes to your aid.
                  | [demonic ancestry]
 18954 | Lair:4   | Reached XP level 12. HP: 51/86 MP: 10/18
 18963 | Lair:4   | HP: 3/129 [polar bear (6)]
 18967 | Lair:4   | HP: 1/129 [poisoned by a black mamba]
 18968 | Lair:4   | Slain by a polar bear

Illustrated notes

Levels and vault maps discovered:
D:1:      mainiacjoe_arrival_reflecting_pool, layout_basic, serial_shops,
          nicolae_shop_tiny_real_fake_doors,
          nicolae_concentric_dashed_squares_mild
D:2:      layout_loops_corners
D:3:      layout_basic, old_standard_altar, nrook_campfire
D:4:      layout_loops_ring, nicolae_gozag_zags_fifth_avenue,
          kennysheep_opposing_triangles
D:5:      layout_layer_cave, kennysheep_little_box
D:6:      layout_loops_cross, mainiacjoe_overflow_tiny_flanked,
          minmay_temple_entry_mini_moons, kennysheep_decorative_pillar
D:7:      layout_cave_pods, mainiacjoe_overflow_big_doors, serial_shops, shop,
          amcnicky_mini_pool_small
D:8:      layout_loops_corners, nzn_makhleb_speed_demon,
          serial_co_window_serial, co_window_of_opportunity_a,
          co_window_of_opportunity_a, co_window_paths_b, co_window_corner_a,
          co_window_corner_a, co_window_paths_c, co_window_cross_2,
          co_window_2corner, co_window_paths_c, co_window_of_opportunity_b,
          co_window_broadway_c, co_window_paths_c, co_window_paths_e,
          glass_columns_b, glass_columns_b, minmay_alternating_orb
D:9:      layout_rooms, mainiacjoe_overflow_alcove_4, dk_xom_monty_hall,
          kennysheep_generic_room_15
D:10:     layout_roguey, dpeg_oklobed_lair, serial_shops,
          nicolae_inconvenience_store
D:11:     layout_loops_ring, nicolae_trove_entry_isolated,
          minmay_hollow_rounded_squares
Temple:   dshaligram_water_room_temple
Lair:1:   layout_cave_shapes, basic_altar
Lair:2:   layout_loops_ring
Lair:3:   minmay_lair_oklob_tunnel, layout_gridlike,
          nicolae_shoals_entry_flooding, spider_nest_entry_webs,
          maelrawn_ghost_gauntlet_escape, infiniplex_staircase_pool_2
Lair:4:   layout_regular_city, ebering_ghost_reflecting_pool

Skill      XL: |  1  2  3  4  5  6  7  8  9 10 11 |
---------------+----------------------------------+-----
Short Blades   | 3 4 5 6 7 8 9 10 | 10.0
Dodging        | 4 6 7 10 | 10.9
Invocations    | 3 9 |  9.0
Shields        | 1 8 |  8.1
Fighting       | 5 |  5.0
Stealth        | 3 |  3.0

Action                     |  1- 3 |  4- 6 |  7- 9 | 10-12 || total
---------------------------+-------+-------+-------+-------++-------
  Melee: Short sword       |   149 |   110 |       |       ||   259
         Kick              |       |    26 |       |       ||    26
         Dagger            |       |   106 |   441 |   852 ||  1399
 Invoke: Heroism           |       |       |     1 |     1 ||     2
    Use: Potion            |       |       |     6 |     3 ||     9
         Scroll            |       |       |     3 |    19 ||    22
   Stab: Sleeping          |       |     5 |     1 |     1 ||     7
         Distracted        |       |       |       |     1 ||     1
         Invisible         |       |       |       |     4 ||     4
 Armour: Robe              |    69 |    70 |   155 |   233 ||   527
         Acid dragon scale |       |       |    11 |    28 ||    39
  Dodge: Dodged            |    75 |   114 |   236 |   430 ||   855
  Block: Kite shield       |       |       |       |   122 ||   122

Table legend: (Time is in decaauts)
 A = Elapsed time spent in this place.
 B = Non-inter-level travel time spent in this place.
 C = Inter-level travel time spent in this place.
 D = Time resting spent in this place.
 E = Time spent auto-exploring this place.
 F = Levels seen in this place.
 G = Mean time per level.
                   A        B        C        D        E       F      G
               +--------+--------+--------+--------+--------+-----+--------+
         Total |  19087 |  18387 |    700 |   5948 |   9034 |  16 | 1192.9 |
       Dungeon |  15848 |  15218 |    630 |   4952 |   7645 |  11 | 1440.7 |
        Temple |     97 |     90 |      7 |     32 |      0 |   1 |   97.0 |
          Lair |   3141 |   3079 |     62 |    963 |   1389 |   4 |  785.2 |
               +--------+--------+--------+--------+--------+-----+--------+

Top non-repeatable levels by time:
     D:8: 2399 daAuts
    D:10: 2125 daAuts
     D:4: 2057 daAuts
     D:5: 1784 daAuts
  Lair:1: 1711 daAuts
     D:9: 1315 daAuts
     D:2: 1264 daAuts
     D:7: 1212 daAuts
     D:6: 1159 daAuts
     D:1: 1142 daAuts
  Lair:2: 1135 daAuts
     D:3: 1061 daAuts
    D:11: 325 daAuts
  Lair:4: 188 daAuts
  Lair:3: 105 daAuts
